 Dungeon Crawl Stone Soup version 0.26-a0-466-g989023bd0d (webtiles) character file.

Game seed: 594327329102877406

7 Ishchenko the Skirmisher (level 1, 0/19 HPs)
             Began as a Draconian Fighter on July 30, 2020.
             Slain by a kobold
             ... wielding a +2 short sword of freezing
              (1 damage)
             ... on level 1 of the Dungeon.
             The game lasted 00:00:41 (170 turns).

Ishchenko the Skirmisher (Draconian Fighter)         Turns: 170, Time: 00:00:41

Health: 0/19       AC:  4    Str: 18    XL:     1   Next: 91%
Magic:  1/1        EV: 10    Int:  8    God:
Gold:   58         SH:  9    Dex: 10    Spells: 0/0 levels left

rFire    . . .     SeeInvis .   a - +0 war axe
rCold    . . .     Faith    .   b - +0 kite shield
rNeg     . . .     Spirit   .   (armour unavailable)
rPois    .         Reflect  .   (helmet restricted)
rElec    .         Harm     .   (no cloak)
rCorr    .                      (no gloves)
MR       .....                  (no boots)
Stlth    +.........             (no amulet)
HPRegen  0.06/turn              (no ring)
MPRegen  0.07/turn              (no ring)

@: slowed, very slow
A: unfitting armour, cold-blooded, AC +4
a: no special abilities


You were on level 1 of the Dungeon.
You visited 1 branch of the dungeon, and saw 1 of its levels.

You collected 58 gold pieces.

Inventory:

Hand Weapons
 a - a +0 war axe (weapon)
Armour
 b - a +0 kite shield (worn)
Scrolls
 d - a scroll of remove curse {unknown}
 e - a scroll of identify {unknown}
Potions
 c - a potion of might


   Skills:
 + Level 3.4 Fighting
 + Level 2.0 Axes
 + Level 2.8 Dodging
 + Level 3.2 Shields


You couldn't memorise any spells.
You didn't know any spells.
Your spell library was empty.

Dungeon Overview and Level Annotations

Branches:
Dungeon (1/15)

Altars:


Innate Abilities, Weirdness & Mutations

Your plain brown scales are hard. (AC +4)
You cannot fit into any form of body armour.
You are cold-blooded and may be slowed by cold attacks.


Message History

A kobold comes into view.
It is wielding a +2 short sword of freezing.
The kobold shouts!
The kobold throws a stone.
You block the stone.
You see here a stone.
The bat closely misses you.
The kobold throws a stone.
The stone hits you but does no damage.
Found a stone staircase leading down.
The bat barely misses you.
You block the bat's attack. x2; The kobold throws a stone.
The stone closely misses you.
Found a robe.
The bat barely misses you.
A bat comes into view.
The bat moves out of view.
You barely miss the kobold.
Your tail-slap misses the kobold.
The bat closely misses you.
The kobold hits you with a +2 short sword of freezing.
* * * LOW HITPOINT WARNING * * *
You feel yourself slow down. The kobold freezes you.
You die...

.♣♣∩.♣.♣.∩♣♣...$........
.....♣<♣.∩♣♣...#)####.#
.♣♣∩.♣.♣.∩♣♣.#.#......#
.♣♣♣......♣♣.#.#†#..#.#
..♣♣∩...∩♣...#.#(#..#
#.♣♣♣∩∩∩♣♣♣.##.#....#
##.♣♣♣♣♣♣ .#...(.####.#
... .##.#..b.....#. .>..
#..@....... .####
#..K....... .#
#.......... ..
............
....#>.......
.....###....... ..[..
....... ..... .......


You could see a bat and a kobold.

Vanquished Creatures
  A leopard gecko (D:1)
  A giant cockroach (D:1)
  2 goblins (D:1)
  2 frilled lizards (D:1)
6 creatures vanquished.

Notes
Turn   | Place    | Note
-------+----------+-------------------------------------------
     0 | D:1      | Ishchenko the Draconian Fighter began the quest for the
                  | Orb.
     0 | D:1      | Reached XP level 1. HP: 19/19 MP: 1/1
   170 | D:1      | Slain by a kobold

Illustrated notes

Levels and vault maps discovered:
D:1:      heliophobic_arrival_henge, layout_basic, minmay_tromino_v2

Action                   || total
-------------------------++-------
Melee: War axe           ||    22
 Stab: Sleeping          ||     1
Armor: Skin              ||     3
Dodge: Dodged            ||    10
Block: Kite shield       ||    14

Table legend: (Time is in decaauts)
 A = Elapsed time spent in this place.
 B = Non-inter-level travel time spent in this place.
 C = Inter-level travel time spent in this place.
 D = Time resting spent in this place.
 E = Time spent auto-exploring this place.
 F = Levels seen in this place.
 G = Mean time per level.
                   A        B        C        D        E       F      G
               +--------+--------+--------+--------+--------+-----+--------+
         Total |    179 |    179 |      0 |     17 |    101 |   1 |  179.0 |
       Dungeon |    179 |    179 |      0 |     17 |    101 |   1 |  179.0 |
               +--------+--------+--------+--------+--------+-----+--------+

Top non-repeatable levels by time:
     D:1: 179 daAuts
